 Dungeon Crawl Stone Soup version 0.31-a0-276-ge00219d475 (webtiles) character file.

Game seed: 13181950213729927945

1142 AIAndy the Ducker (level 8, -14/36 HPs)
             Began as a Felid Shapeshifter on July 15, 2023.
             Was a Priest of Dithmenos.
             Demolished by a swamp worm (20 damage)
             ... on level 7 of the Dungeon.
             The game lasted 00:16:20 (6160 turns).

AIAndy the Ducker (Felid Shapeshifter)              Turns: 6160, Time: 00:16:21

Health: -14/36     AC:  6    Str: 13    XL:     8   Next: 15%
Magic:  11/11      EV: 22    Int:  9    God:    Dithmenos [***...]
Gold:   216        SH:  0    Dex: 17    Spells: 7/7 levels left
                                        Lives:  0   Deaths: 2

rFire   . .          .
                       - Unarmed
rCold   . . .        (shield unavailable)
rNeg    . . .        (body armour unavailable)
rPois   +            (helmet unavailable)
rElec   .            (cloak unavailable)
rCorr   .            (gloves unavailable)
SInv    +            (boots unavailable)
Will    +....        (no amulet)
Stlth   ++           O - +4 ring of protection
HPRegen 0.26/turn    P - ring of poison resistance
MPRegen 0.12/turn

%: no passive effects
@: beast-form, wreathed by umbra, quick
A: beast (slay +4), very small, claws 1, fangs 3, see invisible, speed 1, shaggy
fur 2, stealthy paws, no weapons or thrown items, no armour, multi-lived
a: Begin Untransformation, Renounce Religion, Shadow Step


You were on level 7 of the Dungeon.
You worshipped Dithmenos.
Dithmenos was most pleased with you.
You were a hulking beast.
You visited 1 branch of the dungeon, and saw 7 of its levels.

You collected 416 gold pieces.
You spent 200 gold pieces at shops.


Innate Abilities, Weirdness & Mutations

You are a hulking beast.
Your limbs bulge with bestial killing power. (Slay +4)
You have sharp claws.
You have razor-sharp teeth.
You have supernaturally acute eyesight. (SInv)
You cover ground quickly. (Speed+)
You are covered in thick fur. (AC +2)
Your paws help you pounce on unaware monsters.
You are incapable of wielding weapons or throwing items.
You cannot wear armour.
You gain extra lives every three experience levels.


   Skills:
 + Level 4.1 Fighting
 + Level 7.7 Dodging
 + Level 6.7 Unarmed Combat
 + Level 3.4 Invocations
 + Level 6.7 Shapeshifting


You had 7 spell levels left.
You didn't know any spells.
Your spell library contained the following spells:

 Spells                   Type           Power      Damage    Failure   Level
 Apportation              Tloc           0%         N/A       38%         1
 Necrotise                Necr           0%         1d4       38%         1
 Sandblast                Erth           0%         2d4       38%         1
 Summon Small Mammal      Summ           0%         N/A       38%         1
 Ensorcelled Hibernation  Hex/Ice        0%         N/A       52%         2
 Passwall                 Tmut/Erth      0%         N/A       52%         2
 Sublimation of Blood     Necr           0%         N/A       52%         2
 Wereblood                Tmut           0%         N/A       52%         2
 Stone Arrow              Conj/Erth      0%         3d7       77%         3
 Volatile Blastmotes      Fire/Tloc      0%         2d10      77%         3
 Anguish                  Hex/Necr       0%         N/A       99%         4
 Fulminant Prism          Conj/Hex       0%         3d5       99%         4
 Iskenderun's Mystic Bla  Conj/Tloc      0%         2d3       99%         4
 Summon Hydra             Summ           0%         N/A       100%        7

Inventory:

Jewellery
 O - a +4 ring of protection (left paw)
 P - a ring of poison resistance (right paw)
 W - a ring of magical power
Talismans
 b - a beast talisman
Scrolls
 d - a scroll of amnesia
 e - a scroll of vulnerability {unknown}
 f - 2 scrolls of fog {unknown}
 k - a scroll of noise {unknown}
 n - 3 scrolls of poison
 p - 6 scrolls of immolation {!r}
 q - 3 scrolls of teleportation {@r4}
 s - 2 scrolls of torment {unknown}
 v - a scroll of revelation
Potions
 a - 2 potions of lignification {!q}
 c - a potion of haste {unknown}
 g - a potion of experience {unknown}
 h - 2 potions of berserk rage {!q}
 i - 3 potions of curing {@q1}
 j - a potion of might {unknown}
 l - a potion of brilliance {unknown}
 o - 2 potions of enlightenment
 r - 3 potions of attraction {!q}
 u - a potion of invisibility {unknown}
 w - a potion of magic {unknown}

Dungeon Overview and Level Annotations

Branches:
Dungeon (7/15)             Temple (0/1) D:4

Altars:
Dithmenos
Gozag
Qazlal
Sif Muna
Uskayaw
Xom

Shops:
D:4 * D:5

* ...####.####
........... ....[.....#
..........# ..........#
..........# .......w..#
.......h..# #.#.#
......#.### #.#.# ...##
#.# #.#.# ###########
#.# #.#.# #..........
#.# #.#.# #.#########
#.# #.#.#
#.############.#####.#.#
#......................#
#######........#####.#.#


You could see a swamp worm.


Message History

There is an open door here.
A swamp worm is nearby!
Found a ring mail.
The swamp worm fires a harpoon shot at you.
The harpoon shot hits you!
You are yanked forward by the harpoon shot.
You barely miss the swamp worm. The swamp worm barely misses you.
You closely miss the swamp worm. The swamp worm bites you!
* * * LOW HITPOINT WARNING * * *
You are too injured to fight recklessly!
You are too injured to fight recklessly!
You claw the swamp worm! Your bite misses the swamp worm.
The swamp worm is moderately wounded.
The swamp worm barely misses you.
You scratch the swamp worm.
The swamp worm is heavily wounded.
The swamp worm closely misses you.
You claw the swamp worm! You bite the swamp worm.
The swamp worm is severely wounded.
The swamp worm bites you!
* * * LOW HITPOINT WARNING * * *
You closely miss the swamp worm. Your bite misses the swamp worm.
The swamp worm is severely wounded.
The swamp worm closely misses you.
You claw the swamp worm!
You bite the swamp worm, but do no damage.
The swamp worm is almost dead.
The swamp worm bites you!!
Ouch! That really hurt!
You die...

Skill      XL: |  1  2  3  4  5  6  7  8 |
---------------+-------------------------+-----
Unarmed Combat | 3 4 5 6 |  6.7
Shapeshifting  | 4 5 6 |  6.7
Dodging        | 4 5 6 7 |  7.7
Invocations    | 1 3 |  3.4
Fighting       | 4 3 |  4.1

Action                     |  1- 3 |  4- 6 |  7- 9 || total
---------------------------+-------+-------+-------++-------
  Melee: Unarmed           |    62 |   165 |   210 ||   437
         Bite              |     4 |    17 |    37 ||    58
         Punch             |     3 |     3 |     9 ||    15
    Use: Scroll            |       |     7 |     6 ||    13
         Potion            |       |     2 |     1 ||     3
   Stab: Sleeping          |     3 |     4 |     2 ||     9
 Armour: Skin              |     5 |     7 |     9 ||    21
  Dodge: Dodged            |    34 |   122 |   181 ||   337

Levels and vault maps discovered:
D:1:      minmay_arrival_widening_spiral_wide, layout_basic,
          serial_corexii_hall, chequers_hall_statues_wall_a,
          corexii_hall_statues_l, corexii_hall_statues_u,
          dreamdust_wishing_well, st_stairs_8, hex_large, minmay_cut_off
D:2:      layout_loops_corners, basic_altar, serial_glass, glass_columns_b,
          glass_columns_c, serial_bayou_ford_a
D:3:      layout_basic, nicolae_half_adder, uniq_robin
D:4:      layout_basic, gammafunk_temple_overflow_claw,
          minmay_temple_entry_glass, guppyfry_shop_venom
D:5:      nicolae_cairo_tiling_large, layout_loops_cross,
          dancing_weapons_uskayaw, nicolae_gozag_zags_fifth_avenue
D:6:      layout_basic
D:7:      layout_basic, worms_lemuel, uniq_duvessa

Notes
Turn   | Place    | Note
-------+----------+-------------------------------------------
     0 | D:1      | AIAndy the Felid Shapeshifter began the quest for the Orb.
     0 | D:1      | Reached XP level 1. HP: 9/9 MP: 2/2
   179 | D:1      | Reached XP level 2. HP: 12/13 MP: 3/3
  1132 | D:2      | Reached XP level 3. HP: 13/16 MP: 4/4
  1136 | D:2      | Reached skill level 3 in Unarmed Combat
  1143 | D:2      | Reached skill level 4 in Shapeshifting
  1258 | D:2      | Reached XP level 4. HP: 19/19 MP: 5/5
  1661 | D:2      | Found a shadowy altar of Dithmenos.
  1681 | D:2      | Became a worshipper of Dithmenos the Shadowed
  2481 | D:3      | Reached XP level 5. HP: 14/22 MP: 6/6
  2487 | D:3      | Reached skill level 3 in Dodging
  2679 | D:3      | Noticed Robin
  2694 | D:3      | Reached * piety under Dithmenos
  2694 | D:3      | Killed by an exploding goblin... ignited by their inner
                  | flame
  2694 | D:3      | Killed Robin
  2695 | D:3      | Reached XP level 4. HP: -25/18 MP: 5/5
  2695 | D:3      | Reached skill level 4 in Unarmed Combat
  2949 | D:4      | Noticed a phantom
  2960 | D:4      | Killed a phantom
  2961 | D:4      | Reached XP level 5. HP: 12/22 MP: 6/6
  3052 | D:4      | Found Teydd's Serpentskin Sales.
  3053 | D:4      | Noticed a water moccasin
  3067 | D:4      | Bought a ring of poison resistance for 200 gold pieces
  3095 | D:4      | Found a staircase to the Ecumenical Temple.
  3127 | D:4      | Reached skill level 4 in Dodging
  3127 | D:4      | Reached skill level 5 in Shapeshifting
  3235 | D:4      | Gained mutation: You are covered in thick fur. (AC +2)
                  | [Felid growth]
  3235 | D:4      | Reached XP level 6. HP: 18/26 MP: 7/7
  3566 | D:4      | Killed a water moccasin
  3787 | D:4      | Found a shimmering altar of Xom.
  3787 | D:4      | Found a stormy altar of Qazlal.
  3787 | D:4      | Found a shimmering blue altar of Sif Muna.
  3941 | D:5      | Entered Level 5 of the Dungeon
  3980 | D:5      | Noticed a wyvern
  3990 | D:5      | Killed a wyvern
  3991 | D:5      | Reached skill level 5 in Dodging
  3991 | D:5      | Reached skill level 5 in Unarmed Combat
  3991 | D:5      | Reached XP level 7. HP: 11/30 MP: 8/8
  4159 | D:5      | Reached ** piety under Dithmenos
  4289 | D:5      | Found Gozag's Platinum Reserve.
  4289 | D:5      | Found an opulent altar of Gozag.
  4296 | D:5      | Reached skill level 6 in Dodging
  4346 | D:5      | Noticed a +0 dagger
  4347 | D:5      | Noticed a +0 hand axe
  4350 | D:5      | Found a hide-covered altar of Uskayaw.
  4561 | D:5      | Reached skill level 1 in Invocations
  4561 | D:5      | Reached skill level 6 in Shapeshifting
  4925 | D:6      | Noticed a wraith
  4939 | D:6      | Killed a wraith
  4940 | D:6      | Reached XP level 8. HP: 28/34 MP: 10/10
  4982 | D:6      | Reached skill level 3 in Fighting
  4982 | D:6      | Reached skill level 6 in Unarmed Combat
  4982 | D:6      | Reached skill level 2 in Invocations
  5160 | D:6      | Identified the +9 quarterstaff of the Neverending Coins
                  | {heavy, rN+}
  5232 | D:6      | Reached skill level 7 in Dodging
  5378 | D:6      | Reached skill level 3 in Invocations
  5383 | D:6      | Reached *** piety under Dithmenos
  5842 | D:7      | Mangled by a swamp worm
  5843 | D:7      | Reached XP level 7. HP: -7/31 MP: 10/10
  5911 | D:7      | Noticed Duvessa
  5911 | D:7      | Noticed Dowan
  5916 | D:7      | Identified the +0 leather armour of Ysick {Rampage *Corrode
                  | Str+3 Slay+2}
  5990 | D:7      | Reached skill level 4 in Fighting
  6037 | D:7      | Killed Dowan
  6038 | D:7      | Reached XP level 8. HP: 22/36 MP: 11/11
  6040 | D:7      | Killed Duvessa
  6160 | D:7      | Demolished by a swamp worm

Vanquished Creatures
  A wraith (D:6)
  A wyvern (D:5)
  A swamp worm (D:7)
  A water moccasin (D:4)
  Duvessa (D:7)
  An ice beast (D:6)
  3 black bears
  A phantom (D:4)
  A kobold brigand (D:6)
  A bullfrog (D:6)
  A scorpion (D:4)
  Dowan (D:7)
  A howler monkey (D:6)
  A gnoll bouda (D:6)
  An orc priest (D:5)
  4 iguanas
  A sleepcap (D:6)
  6 orc wizards
  Robin (D:3)
  13 adders
  11 gnolls
  3 shadow imps
  A white imp (D:5)
  2 worms
  2 dart slugs
  15 orcs
  5 endoplasms
  A giant cockroach (D:1)
  14 goblins
  11 hobgoblins
  4 jackals (D:3)
  12 kobolds
  3 quokkas
  11 ball pythons
  6 bats
  3 frilled lizards
  9 rats
155 creatures vanquished.

Table legend: (Time is in decaauts)
 A = Elapsed time spent in this place.
 B = Non-inter-level travel time spent in this place.
 C = Inter-level travel time spent in this place.
 D = Time resting spent in this place.
 E = Time spent auto-exploring this place.
 F = Levels seen in this place.
 G = Mean time per level.
                   A        B        C        D        E       F      G
               +--------+--------+--------+--------+--------+-----+--------+
         Total |   5275 |   5123 |    152 |    271 |   3795 |   7 |  753.6 |
       Dungeon |   5275 |   5123 |    152 |    271 |   3795 |   7 |  753.6 |
               +--------+--------+--------+--------+--------+-----+--------+

Top non-repeatable levels by time:
     D:5: 985 daAuts
     D:1: 955 daAuts
     D:4: 893 daAuts
     D:2: 797 daAuts
     D:3: 659 daAuts
     D:6: 588 daAuts
     D:7: 396 daAuts

Table legend:
 A = Non-vault XP
 B = Vault XP
 C = Vault XP percentage of total XP
 D = Non-vault monster count
 E = Vault monster count
 F = Vault count percentage of total count
                 A         B        C        D         E       F
            +---------+---------+-------+---------+---------+-------
      Total |    2338 |     610 |  20.7 |     130 |      25 |  16.1
            +---------+---------+-------+---------+---------+-------
        D:1 |      26 |       6 |  18.8 |      16 |       4 |  20.0
        D:2 |     108 |       0 |   0.0 |      29 |       0 |   0.0
        D:3 |      50 |      74 |  59.7 |      16 |      15 |  48.4
        D:4 |     274 |     149 |  35.2 |      16 |       3 |  15.8
        D:5 |     778 |       0 |   0.0 |      21 |       0 |   0.0
        D:6 |    1065 |       0 |   0.0 |      31 |       0 |   0.0
        D:7 |      37 |     381 |  91.1 |       1 |       3 |  75.0
            +---------+---------+-------+---------+---------+-------
